 Dungeon Crawl Stone Soup version 0.23.1 (webtiles) character file.

Game seed: 6843503807152604075

60 DildoBatman the Conjurer (level 4, -7/30 HPs)
             Began as a Formicid Wizard on Mar 14, 2019.
             Mangled by a worm (11 damage)
             ... on level 2 of the Dungeon.
             The game lasted 00:04:12 (1612 turns).

DildoBatman the Conjurer (Formicid Wizard)          Turns: 1612, Time: 00:04:13

Health: -7/30      AC:  3    Str: 12    XL:     4   Next: 24%
Magic:  8/8        EV: 12    Int: 18    God:
Gold:   122        SH:  0    Dex:  9    Spells: 2/9 levels left

rFire    . . .     SeeInvis +   f - +0 short sword
rCold    . . .     Gourm    .   (no shield)
rNeg     . . .     Faith    .   a - +0 robe
rPois    .         Spirit   .   (helmet unavailable)
rElec    .         Reflect  .   (no cloak)
rCorr    .         Harm     .   (no gloves)
MR       .....                  m - +0 pair of boots (curse)
Stlth    ++........             (no amulet)
HPRegen  0.10/turn              (no ring)
MPRegen  0.11/turn              (no ring)

@: no status effects
A: permanent stasis, dig shafts and tunnels, four strong arms, antennae 3
a: Dig, Shaft Self


You were on level 2 of the Dungeon.
You were not hungry.

You visited 1 branch of the dungeon, and saw 2 of its levels.

You collected 122 gold pieces.

Inventory:

Hand Weapons
 d - a +0 club
 f - a +0 short sword (weapon)
Missiles
 b - 15 stones (quivered)
 h - 37 bolts
Armour
 a - a +0 robe (worn)
 j - a +0 shield
 m - a cursed +0 pair of boots (worn)
Scrolls
 e - a scroll of random uselessness {unknown}
 g - a scroll of identify {unknown}
 l - a scroll of amnesia {unknown}
 p - a scroll of enchant weapon {unknown}
Potions
 i - a potion of curing {unknown}
 k - a potion of mutation {unknown}
 n - a potion of brilliance {unknown}
 o - a potion of degeneration {unknown}
Comestibles
 c - a chunk of flesh
 v - 4 rations


   Skills:
 - Level 1.7 Dodging
 - Level 2.4 Stealth
 - Level 3.2 Spellcasting
 * Level 3.4 Conjurations
   Level 1.0 Summonings
   Level 0.8 Translocations


You had 2 spell levels left.
You knew the following spells:

 Your Spells              Type           Power        Failure   Level  Hunger
a - Conjure Flame         Conj/Fire      #.......     24%         3    ###....
c - Magic Dart            Conj           ###.         3%          1    None
e - Mephitic Cloud        Conj/Pois/Air  #.......     30%         3    ###....

Your spell library contained the following spells:

 Spells                   Type           Power        Failure   Level  Hunger
 Call Imp                 Summ           #.......     16%         2    ##.....
 Slow                     Hex            #.......     24%         2    ##.....
 Blink                    Tloc           Unusable     N/A         2    N/A

Dungeon Overview and Level Annotations

Branches:
Dungeon (2/15)

Altars:

Annotations:
D:2 1 exclusion


Innate Abilities, Weirdness & Mutations

You cannot be hasted, slowed, berserked, paralysed or teleported.
You can dig through walls and to a lower floor.
Your four strong arms can wield two-handed weapons with a shield.
You have a pair of large antennae on your head. (SInv)


Message History

You shout for attention!
The kobold closely misses you. The worm bites you.
What are your orders? t - Shout!
Orders for allies: a - Attack new target. r - Retreat! s - Stop attacking. g - Guard the area. f - Follow me.
Anything else - Cancel.
You shout for attention!
The kobold closely misses you. What are your orders? t - Shout!
Orders for allies: a - Attack new target. r - Retreat! s - Stop attacking. g - Guard the area. f - Follow me.
Anything else - Cancel.
You shout for attention!
The worm bites you!
You die...

##################
#@..(.((..........
......wK..#############.
########### #.
##########. #..........
#..♣♣♣...♣♣ #.♣# #♣.♣#
#.♣ ♣.♣ ########.♣#
#♣.♣#


You could see a worm and a kobold.

Vanquished Creatures
  An adder (D:2)
  2 oozes (D:1)
  A worm (D:1)
  2 leopard geckos
  2 giant cockroaches
  3 goblins
  5 hobgoblins
  3 ball pythons
  3 bats
  3 frilled lizards
  7 kobolds (D:1)
  2 rats (D:1)
34 creatures vanquished.

Vanquished Creatures (collateral kills)
  An adder (D:2)
1 creature vanquished.

Grand Total: 35 creatures vanquished

Notes
Turn   | Place    | Note
-------+----------+-------------------------------------------
     0 | D:1      | DildoBatman the Formicid Wizard began the quest for the
                  | Orb.
     0 | D:1      | Reached XP level 1. HP: 13/13 MP: 4/4
     7 | D:1      | Reached skill level 1 in Conjurations
   193 | D:1      | Reached XP level 2. HP: 14/19 MP: 0/6
   471 | D:1      | Reached XP level 3. HP: 24/24 MP: 4/7
   476 | D:1      | Learned a level 3 spell: Conjure Flame
   480 | D:1      | Learned a level 3 spell: Mephitic Cloud
  1444 | D:2      | Reached XP level 4. HP: 25/30 MP: 4/8
  1612 | D:2      | Mangled by a worm

Skill      XL: |  1  2  3 |
---------------+----------+-----
Conjurations   | 2 3 |  3.4
Dodging        | |  1.7
Stealth        | |  2.4
Spellcasting   | |  3.2
Summonings     | |  1.0
Translocations | |  0.8

Action                   |  1- 3 |  4- 6 || total
-------------------------+-------+-------++-------
Melee: Club              |     7 |       ||     7
       Short sword       |    21 |       ||    21
 Cast: Magic Dart        |    75 |     4 ||    79
       Mephitic Cloud    |     2 |       ||     2
 Abil: Dig               |     2 |     1 ||     3
 Stab: Confused          |     4 |       ||     4
  Eat: Chunk             |     2 |       ||     2
Armor: Robe              |    15 |       ||    15
Dodge: Dodged            |    30 |     6 ||    36
